 Dungeon Sprint DCSS version 0.20.1-1-g8b1a95d (webtiles) character file.

300 HessuHobo the Skirmisher (level 6, -8/67 HPs)
             Began as a Troll Fighter on Oct 26, 2017.
             Mangled by a slime creature (19 damage)
             ... in the Dungeon (Sprint I: "Red Sonja").
             The game lasted 00:03:55 (213 turns).

HessuHobo the Skirmisher (Troll Fighter)             Turns: 213, Time: 00:03:56

Health: -8/67      AC:  5    Str: 27    XL:     6   Next: 13%
Magic:  5/5        EV: 11    Int:  4    God:
Gold:   314        SH: 10    Dex:  9    Spells: 5/5 levels left

rFire    . . .     SeeInvis .   a - +0 war axe
rCold    . . .     Gourm    +   c - +0 shield
rNeg     . . .     Faith    .   b - +0 robe
rPois    .         Spirit   .   (helmet restricted)
rElec    .         Reflect  .   (no cloak)
rCorr    .         Harm     .   (gloves unavailable)
MR       .....     NoTele   +   (boots unavailable)
Stlth    +.........             (no amulet)
Regen    0.7/turn               (no ring)
MPRegen  0.1/turn               (no ring)

@: no status effects
A: unfitting armour, claws 3, fast metabolism 3, gourmand, regeneration 1,
shaggy fur 1, tough skin 2
a: no special abilities


You were in the Dungeon.
You were completely stuffed.

You visited 1 branch You collected 314 gold pieces.

Inventory:

Hand Weapons
 a - a +0 war axe (weapon)
 l - a +0 scythe
Armour
 b - a +0 robe (worn)
 c - a +0 shield (worn)
Scrolls
 k - a scroll of blinking
Potions
 d - a potion of might
 e - a potion of curing
 g - a potion of heal wounds
 h - a potion of haste
 i - 2 potions of magic
 j - a potion of berserk rage
Comestibles
 f - 3 chunks of flesh


   Skills:
 + Level 6.1 Fighting
 + Level 4.6 Axes
 + Level 6.1 Dodging
 + Level 0.4 Stealth
 + Level 6.1 Shields


You had 5 spell levels left.
You didn't know any spells.

Dungeon Overview and Level Annotations

Branches:
Dungeon (1/1)

Altars:
Makhleb
Sif Muna
Vehumet
Xom
Jiyva
Lugonu


Innate Abilities, Weirdness & Mutations

You are too large for most types of armour.
You have claws for hands.
Your metabolism is lightning-fast.
You like to eat raw meat.
Your natural rate of healing is unusually fast.
You are covered in fur. (AC +1)
You have very tough skin. (AC +2)


Message History

You slash the slime creature!
The slime creature is lightly wounded.
You block the slime creature's attack.
You slash the slime creature!
The slime creature is moderately wounded.
You block the slime creature's attack. The slime creature hits you!
You slice the slime creature!!
The slime creature is severely wounded.
The slime creature hits you!
You slash the slime creature!
The slime creature is almost dead.
The slime creature hits you.
You barely miss the slime creature.
The slime creature is almost dead.
The slime creature hits you! x2
* * * LOW HITPOINT WARNING * * *
You hit the slime creature.
The slime creature is almost dead.
The slime creature hits you!!
You die...

###################
#<.#..)..#..'..#__#
#..').#..'[.#..@J.+
#..#####'#####'#__#
#..# #..#...#)####
#..# ####..##.#
#..# ##'#..+ #⌠⌠#
+..._# #### #_.#+#
##+#


You could see a slime creature.

Vanquished Creatures
  Sigmund (D)
  An ogre (D)
  A jelly (D)
  Ijyb (D)
4 creatures vanquished.

Notes
Turn   | Place    | Note
-------+----------+-------------------------------------------
     0 | D        | HessuHobo the Troll Fighter began the quest for the Orb.
     0 | D        | Reached XP level 1. HP: 22/22 MP: 0/0
    12 | D        | Noticed Ijyb
    28 | D        | Killed Ijyb
    28 | D        | Reached XP level 2. HP: 27/31 MP: 1/1
    31 | D        | Noticed an ogre
    35 | D        | Killed an ogre
    35 | D        | Reached XP level 3. HP: 21/40 MP: 2/2
    35 | D        | Reached XP level 4. HP: 25/49 MP: 3/3
    48 | D        | Noticed Sigmund
    59 | D        | Killed Sigmund
    59 | D        | Reached skill level 5 in Dodging
    59 | D        | Reached skill level 5 in Shields
    59 | D        | Reached XP level 5. HP: 31/59 MP: 4/4
    59 | D        | Reached XP level 6. HP: 35/67 MP: 5/5
    76 | D        | Found a deep blue altar of Sif Muna.
    78 | D        | Found a radiant altar of Vehumet.
   206 | D        | Found a burning altar of Makhleb.
   206 | D        | Found a viscous altar of Jiyva.
   206 | D        | Found a shimmering altar of Xom.
   206 | D        | Found a corrupted altar of Lugonu.
   206 | D        | Noticed a slime creature
   213 | D        | Mangled by a slime creature

Skill      XL: |  1  2  3  4  5  6 |
---------------+-------------------+-----
Fighting       | 3 4 6 |  6.1
Axes           | 2 3 4 |  4.6
Dodging        | 3 4 5 6 |  6.1
Shields        | 3 4 5 6 |  6.1
Stealth        | |  0.4

Action                   |  1- 3 |  4- 6 || total
-------------------------+-------+-------++-------
Melee: War axe           |    19 |    19 ||    38
  Eat: Bread ration      |       |     2 ||     2
       Chunk             |       |     1 ||     1
Armor: Robe              |     5 |     1 ||     6
Dodge: Dodged            |     5 |    10 ||    15
Block: Shield            |     8 |     9 ||    17
